 Dungeon Crawl Stone Soup version 0.25-a0-460-g4f2eb97ec1 (webtiles) character file.

Game seed: 12896820481574627716, levelgen mode: deterministic

1405 ReteAZ the Magician (level 8, -2/61 HPs)
             Began as a Gnoll Wanderer on Feb 3, 2020.
             Was a Follower of Cheibriados.
             Slain by an orc warrior
             ... wielding a +0 dire flail
              (12 damage)
             ... on level 7 of the Dungeon.
             The game lasted 00:05:21 (4595 turns).

ReteAZ the Magician (Gnoll Wanderer)                Turns: 4595, Time: 00:05:22

Health: -2/61      AC: 12    Str: 19    XL:     8   Next: 70%
Magic:  0/17       EV:  9    Int: 16    God:    Cheibriados [*.....]
Gold:   367        SH:  5    Dex: 17    Spells: 18/19 levels left

rFire    . . .     SeeInvis .   G - +2 hand axe (venom)
rCold    . . .     Gourm    .   (no shield)
rNeg     . . .     Faith    .   z - +0 storm dragon scales
rPois    +         Spirit   +   h - +0 helmet
rElec    +         Reflect  +   y - scarf {Spirit}
rCorr    .         Harm     .   (no gloves)
MR       .....                  (no boots)
Stlth    ..........             D - +5 amulet of reflection
HPRegen  0.20/turn              B - ring of poison resistance
MPRegen  0.15/turn              (no ring)

@: very slow
A: distributed training, fangs 1, strong nose
a: Bend Time, Renounce Religion


You were on level 7 of the Dungeon.
You worshipped Cheibriados.
Cheibriados was aware of your devotion.
You were very hungry.

You visited 2 branches of the dungeon, and saw 8 of its levels.

You collected 367 gold pieces.

Inventory:

Hand Weapons
 a - a +2 hand crossbow
 v - a +1 dagger of holy wrath
 G - a +2 hand axe of venom (weapon)
 I - a +1 trident of freezing
Missiles
 b - 96 bolts
Armour
 e - a +0 robe
 h - a +0 helmet (worn)
 o - a +0 ring mail
 q - a +0 chain mail
 y - a scarf of spirit shield (worn)
 z - +0 storm dragon scales (worn)
Jewellery
 B - a ring of poison resistance (left hand)
 D - a +5 amulet of reflection (around neck)
Wands
 t - a wand of random effects (11)
 C - a wand of flame (10)
Scrolls
 c - 3 scrolls of enchant weapon {unknown}
 g - 2 scrolls of fear {unknown}
 j - 5 scrolls of identify {unknown}
 k - 3 scrolls of amnesia {unknown}
 l - a scroll of enchant armour {unknown}
 m - 3 scrolls of teleportation {unknown}
 r - a scroll of noise {unknown}
 u - a scroll of immolation {unknown}
 x - 5 scrolls of remove curse {unknown}
 A - a scroll of magic mapping {unknown}
 E - a scroll of random uselessness {unknown}
Potions
 d - 3 potions of curing
 i - 2 potions of resistance {unknown}
 n - a potion of heal wounds {unknown}
 p - 2 potions of might {unknown}
 s - 3 potions of haste {unknown}
 w - a potion of agility {unknown}
 H - 2 potions of magic {unknown}
 J - a potion of lignification {unknown}
 K - 2 potions of brilliance {unknown}
Comestibles
 f - 7 rations


   Skills:
 + Level 4.3 Fighting
 + Level 3.4 Short Blades
 + Level 3.4 Long Blades
 + Level 3.4 Axes
 + Level 3.4 Maces & Flails
 + Level 3.4 Polearms
 + Level 3.4 Staves
 + Level 3.4 Slings
 + Level 3.4 Bows
 + Level 5.8 Crossbows
 + Level 3.4 Throwing
 + Level 3.4 Armour
 + Level 3.4 Dodging
 + Level 4.2 Stealth
 + Level 4.3 Shields
 + Level 3.4 Unarmed Combat
 + Level 6.1 Spellcasting
 + Level 2.8 Conjurations
 + Level 2.8 Hexes
 + Level 2.8 Charms
 + Level 2.8 Summonings
 + Level 2.8 Necromancy
 + Level 4.8 Translocations
 + Level 2.8 Transmutations
 + Level 2.8 Fire Magic
 + Level 3.6 Ice Magic
 + Level 2.8 Air Magic
 + Level 2.8 Earth Magic
 + Level 2.8 Poison Magic
 + Level 3.8 Invocations
 + Level 3.4 Evocations


You had 18 spell levels left.
You knew the following spells:

 Your Spells              Type           Power        Failure   Level  Hunger
a - Apportation           Tloc           ###...       22%         1    None

Your spell library contained the following spells:

 Spells                   Type           Power        Failure   Level  Hunger
 Gell's Gravitas          Tloc           ###.......   54%         3    ##.....


Dungeon Overview and Level Annotations

Branches:
Dungeon (7/15)             Temple (1/1) D:5

Altars:
Cheibriados
Dithmenos
Elyvilon
Fedhas
Gozag
Hepliaklqana
Makhleb
Nemelex Xobeh
Okawaru
Qazlal
Ru
Sif Muna
Trog
Vehumet
Wu Jian
Xom
Yredelemnul
Zin
The Shining One

Shops:
D:6 %


Innate Abilities, Weirdness & Mutations

Your experience applies equally to all skills.
You have very sharp teeth.
Your uncanny sense of smell can sniff out nearby items.


Message History

Eat a chunk of flesh? (ye/n/q)
You eat the chunk of flesh.
This raw flesh tastes terrible.
You are feeling very hungry.
The orc warrior hits you with a +0 dire flail!
Your +2 hand axe of venom begins to drip with poison!
G - a +2 hand axe of venom (weapon)
The orc warrior hits you with a +0 dire flail!
* * * LOW HITPOINT WARNING * * *
You hit the orc warrior but do no damage.
The orc warrior is lightly wounded.
The orc warrior hits you with a +0 dire flail!
* * * LOW HITPOINT WARNING * * *
You hit the orc warrior.
The orc warrior is poisoned.
The orc warrior is moderately wounded.
You block the orc warrior's attack.
You barely miss the orc warrior.
You bite the orc warrior, but do no damage.
The orc warrior is moderately wounded.
The orc warrior hits you with a +0 dire flail!
You die...

#.##....####..
#.##.#<## #.##.#.#
#.#....# .#
#......# .#
###...## .# ##.##
.# #∆# #.#
######.##.#.## #.#
#.@oo...$(.... #.#
#.##Z#......:. #.#
#.###.##.$.... #.##
#.# #..((.....
#..###.###.#)(.....
##.##......#.......
#(##..###.##......
#.##..............
#.##...^..........


You could see an orc warrior, an orc and an adder skeleton.

Vanquished Creatures
  A hungry ghost (D:7)
  A phantom (D:5)
  A necrophage (D:6)
  2 centaurs
  A big kobold (D:5)
  Blork the orc (D:6)
  A scorpion (D:5)
  A water moccasin skeleton (D:3)
  A howler monkey (D:5)
  2 bullfrog zombies (D:5)
  4 crimson imps
  A jelly (D:6)
  2 hounds (D:5)
  A centaur skeleton (D:3)
  4 orc priests
  An orc wizard (D:7)
  Jessica (D:2)
  2 worker ants (D:6)
  Robin (D:4)
  2 adders
  An ooze (D:3)
  2 worms (D:2)
  A dart slug (D:1)
  5 leopard geckos
  9 orcs
  A ball python (D:1)
  7 giant cockroaches
  16 goblins
  6 hobgoblins
  4 jackals (D:2)
  A quokka (D:4)
  8 bats
  4 frilled lizards
  10 kobolds
  9 rats
115 creatures vanquished.

Notes
Turn   | Place    | Note
-------+----------+-------------------------------------------
     0 | D:1      | ReteAZ the Gnoll Wanderer began the quest for the Orb.
     0 | D:1      | ReteAZ set off with the following items: a +2 hand
                  | crossbow, 25 bolts, a potion of curing, a +0 robe, a
                  | ration; and the following spell memorised: Apportation; and
                  | the following spells available to memorise: Gell's Gravitas
     0 | D:1      | Reached XP level 1. HP: 17/17 MP: 6/6
   219 | D:1      | Reached XP level 2. HP: 23/23 MP: 7/7
   772 | D:2      | Found a glowing silver altar of Zin.
   828 | D:2      | Reached XP level 3. HP: 28/28 MP: 9/9
   870 | D:2      | Reached skill level 5 in Spellcasting
   990 | D:2      | Noticed Jessica
   993 | D:2      | Killed Jessica
   993 | D:2      | Reached skill level 1 in Short Blades
   993 | D:2      | Reached skill level 1 in Long Blades
   993 | D:2      | Reached skill level 1 in Axes
   993 | D:2      | Reached skill level 1 in Maces & Flails
   993 | D:2      | Reached skill level 1 in Polearms
   993 | D:2      | Reached skill level 1 in Staves
   993 | D:2      | Reached skill level 1 in Slings
   993 | D:2      | Reached skill level 1 in Bows
   993 | D:2      | Reached skill level 1 in Throwing
   993 | D:2      | Reached skill level 1 in Armour
   993 | D:2      | Reached skill level 1 in Dodging
   993 | D:2      | Reached skill level 1 in Unarmed Combat
   993 | D:2      | Reached skill level 1 in Invocations
   993 | D:2      | Reached skill level 1 in Evocations
   993 | D:2      | Reached XP level 4. HP: 34/34 MP: 11/11
  1136 | D:2      | Found a sparkling altar of Nemelex Xobeh.
  1494 | D:3      | Reached skill level 1 in Conjurations
  1494 | D:3      | Reached skill level 1 in Hexes
  1494 | D:3      | Reached skill level 1 in Charms
  1494 | D:3      | Reached skill level 1 in Summonings
  1494 | D:3      | Reached skill level 1 in Necromancy
  1494 | D:3      | Reached skill level 1 in Transmutations
  1494 | D:3      | Reached skill level 1 in Fire Magic
  1494 | D:3      | Reached skill level 1 in Air Magic
  1494 | D:3      | Reached skill level 1 in Earth Magic
  1494 | D:3      | Reached skill level 1 in Poison Magic
  1494 | D:3      | Reached XP level 5. HP: 28/40 MP: 12/12
  1745 | D:3      | Found an iron altar of Okawaru.
  2023 | D:3      | Found an opulent altar of Gozag.
  2026 | D:3      | Found a hazy altar of Hepliaklqana.
  2032 | D:3      | Found a shadowy altar of Dithmenos.
  2428 | D:4      | Noticed Robin
  2443 | D:4      | Killed Robin
  2821 | D:5      | Entered Level 5 of the Dungeon
  2845 | D:5      | Reached XP level 6. HP: 45/47 MP: 11/13
  2846 | D:5      | Noticed a phantom
  2868 | D:5      | Killed a phantom
  2868 | D:5      | Reached skill level 5 in Crossbows
  2981 | D:5      | Reached XP level 7. HP: 43/52 MP: 12/15
  2999 | D:5      | Found a staircase to the Ecumenical Temple.
  3029 | Temple   | Entered the Ecumenical Temple
  3100 | Temple   | Became a worshipper of Cheibriados the Contemplative
  3845 | D:6      | Found Giafod's Food Emporium.
  3880 | D:6      | Reached XP level 8. HP: 60/60 MP: 16/16
  3901 | D:6      | Noticed Blork the orc
  3905 | D:6      | Killed Blork the orc
  3951 | D:6      | Found a sacrificial altar of Ru.
  4226 | D:6      | Reached * piety under Cheibriados
  4229 | D:6      | Reached skill level 6 in Spellcasting
  4595 | D:7      | Slain by an orc warrior

Levels and vault maps discovered:
D:1:      dpeg_arrival_boxes_within_box, layout_loops_ring, minmay_pentomino_x4
D:2:      minmay_angry_zag, layout_loops_ring, zin_treasury,
          nicolae_overflow_crystal_walls, st_stairs_5, uniq_jessica
D:3:      layout_basic, grunt_temple_overflow_diamond,
          kennysheep_okawaru_gauntlet, first_ration, st_stairs_13,
          kennysheep_generic_room_9
D:4:      layout_basic, fountainhead, uniq_sigmund, uniq_robin
D:5:      layout_basic, minmay_temple_entry_mist
D:6:      layout_basic, lemuel_round_altar, serial_shops, kennysheep_mini_moat,
          uniq_blork_the_orc
D:7:      layout_loops_ring
Temple:   nicolae_temple_x_marks_the_god

Skill      XL: |  1  2  3  4  5  6  7  8 |
---------------+-------------------------+-----
Ice Magic      | 2 3 |  3.6
Spellcasting   | 5 6 |  6.1
Short Blades   | 1 2 3 |  3.4
Long Blades    | 1 2 3 |  3.4
Axes           | 1 2 3 |  3.4
Maces & Flails | 1 2 3 |  3.4
Polearms       | 1 2 3 |  3.4
Staves         | 1 2 3 |  3.4
Slings         | 1 2 3 |  3.4
Bows           | 1 2 3 |  3.4
Throwing       | 1 2 3 |  3.4
Armour         | 1 2 3 |  3.4
Dodging        | 1 2 3 |  3.4
Unarmed Combat | 1 2 3 |  3.4
Invocations    | 1 2 3 |  3.8
Evocations     | 1 2 3 |  3.4
Conjurations   | 1 2 |  2.8
Hexes          | 1 2 |  2.8
Charms         | 1 2 |  2.8
Summonings     | 1 2 |  2.8
Necromancy     | 1 2 |  2.8
Transmutations | 1 2 |  2.8
Fire Magic     | 1 2 |  2.8
Air Magic      | 1 2 |  2.8
Earth Magic    | 1 2 |  2.8
Poison Magic   | 1 2 |  2.8
Fighting       | 3 4 |  4.3
Shields        | 3 4 |  4.3
Translocations | 4 |  4.8
Stealth        | 3 4 |  4.2
Crossbows      | 5 |  5.8

Action                   |  1- 3 |  4- 6 |  7- 9 || total
-------------------------+-------+-------+-------++-------
Melee: Hand axe          |       |       |     3 ||     3
       Bite              |       |       |     1 ||     1
 Fire: Hand crossbow     |    48 |   138 |   116 ||   302
  Eat: Chunk             |       |     6 |     6 ||    12
Armor: Ring mail         |     2 |     9 |       ||    11
       Robe              |     2 |       |       ||     2
       Chain mail        |       |     8 |       ||     8
       Storm dragon scal |       |    13 |    41 ||    54
Dodge: Dodged            |     3 |    36 |    29 ||    68
Block: Other             |       |       |     9 ||     9
       Reflection        |       |       |     3 ||     3

Table legend:
 A = Non-vault XP
 B = Vault XP
 C = Vault XP percentage of total XP
 D = Non-vault monster count
 E = Vault monster count
 F = Vault count percentage of total count
                 A         B        C        D         E       F
            +---------+---------+-------+---------+---------+-------
      Total |    1823 |     185 |   9.2 |      88 |      27 |  23.5
            +---------+---------+-------+---------+---------+-------
        D:1 |      22 |       6 |  21.4 |      11 |       4 |  26.7
        D:2 |      37 |      55 |  59.8 |      20 |      11 |  35.5
        D:3 |     137 |       7 |   4.9 |      14 |       3 |  17.6
        D:4 |      15 |      30 |  66.7 |       2 |       8 |  80.0
        D:5 |     702 |       0 |   0.0 |      17 |       0 |   0.0
        D:6 |     656 |      87 |  11.7 |      21 |       1 |   4.5
        D:7 |     254 |       0 |   0.0 |       3 |       0 |   0.0
            +---------+---------+-------+---------+---------+-------
